 Dungeon Crawl Stone Soup version 0.20.0-10-g0535bb4 (webtiles) character file.

282 maniacrov the Poker (level 6, -6/47 HPs)
             Began as a Merfolk Gladiator on June 5, 2017.
             Killed by divine providence
             ... invoked by an orc priest
              (11 damage)
             ... on level 3 of the Dungeon.
             The game lasted 00:13:46 (2588 turns).

maniacrov the Poker (Merfolk Gladiator)             Turns: 2588, Time: 00:13:46

Health: -6/47      AC:  4    Str: 15    XL:     6   Next: 28%
Magic:  6/6        EV: 16    Int:  7    God:
Gold:   125        SH:  0    Dex: 17    Spells: 5/5 levels left

rFire    . . .     SeeInvis .   a - +0 trident
rCold    . . .     Gourm    .   (no shield)
rNeg     . . .     Faith    .   b - +0 leather armour
rPois    .         Spirit   .   c - +0 helmet
rElec    .         Reflect  .   (no cloak)
rCorr    .         Harm     .   (no gloves)
MR       .....                  (no boots)
Stlth    +.........             (no amulet)
Regen    0.2/turn               (no ring)
MPRegen  0.1/turn               (no ring)

@: no status effects
A: change form in water, swift swim, stealthy swim
a: no special abilities


You were on level 3 of the Dungeon.
You were not hungry.

You visited 1 branch of the dungeon, and saw 3 of its levels.

You collected 125 gold pieces.

Inventory:

Hand Weapons
 a - a +0 trident (weapon)
 h - a +0 spear of piercing
Missiles
 d - 3 throwing nets (quivered)
Armour
 b - a +0 leather armour (worn)
 c - a +0 helmet (worn)
Jewellery
 g - a cursed -4 ring of protection {unknown}
 j - a +3 ring of strength {unknown}
 m - an uncursed ring of protection from fire {unknown}
Wands
 n - a wand of random effects (24/48)
 o - a wand of lightning (7/15)
Scrolls
 p - a scroll of enchant weapon {unknown}
Potions
 e - a potion of resistance {unknown}
 f - a potion of agility {unknown}
 i - 3 potions of heal wounds {unknown}
 k - a potion of lignification {unknown}
 l - a potion of ambrosia {unknown}


   Skills:
 + Level 3.2 Fighting
 * Level 6.8 Polearms
 + Level 2.8 Throwing
 * Level 6.4 Dodging
 - Level 0.2 Stealth


You had 5 spell levels left.
You didn't know any spells.

Dungeon Overview and Level Annotations

Branches:
Dungeon (3/15)

Altars:
Fedhas
Hepliaklqana
Nemelex Xobeh
Qazlal
Zin


Message History

Beogh smites you! The orc priest barely misses you.
Things that are here:
a mace; a scale mail You closely miss the orc priest.
You hit the orc priest but do no damage.
The orc priest misses you.
You closely miss the orc priest.
The orc priest invokes the aid of Beogh against you.
Beogh smites you!
* * * LOW HITPOINT WARNING * * *
You hit the orc priest.
The orc priest is lightly wounded.
The orc priest hits you with a mace!
* * * LOW HITPOINT WARNING * * *
You closely miss the orc priest.
The orc priest is lightly wounded.
The orc priest mumbles some strange prayers to Beogh against you.
Beogh smites you!
You die...

≈♣..♣≈≈≈≈≈≈≈#
≈.♣♣.≈≈≈≈≈≈≈#
###
≈.♣♣.≈≈≈≈≈≈≈#
..#
≈♣..♣≈≈≈≈≈≈≈#
#.#
≈≈..≈≈≈≈≈≈≈≈#
#.#
≈≈..≈≈≈≈≈≈≈≈#
#.#
≈≈..≈≈≈≈≈≈≈##
#o#
≈≈..≈≈≈≈≈≈##
#o#
≈≈..≈≈≈≈≈## .#
#@# ≈≈..≈≈≈≈##
.# #)#
≈≈..≈≈≈##
.###.#######
##''####
.#.........#
#..#
#.....#####.#
##†# ##.###.#
#.#
#.#######.#
##.# #.#
##.........#
.# #.#
##.#.##.....##
#.# #.#


You could see an orc priest and an orc.

Vanquished Creatures
  The ghost of IjonTichy1 the Sneak, an amateur OpAs (D:3)
  A scorpion (D:3)
  A hound (D:3)
  A hound zombie (D:3)
  3 adders
  A dart slug (D:3)
  A leopard gecko (D:3)
  2 orcs (D:3)
  5 bats
  2 goblins (D:2)
  7 hobgoblins
  3 jackals (D:3)
  3 quokkas
  A ball python (D:2)
  4 kobolds
  7 rats
  A plant (D:1)
44 creatures vanquished.

Notes
Turn   | Place    | Note
-------+----------+-------------------------------------------
     0 | D:1      | maniacrov the Merfolk Gladiator began the quest for the Orb.
     0 | D:1      | Reached XP level 1. HP: 16/16 MP: 1/1
   662 | D:1      | Reached XP level 2. HP: 22/22 MP: 2/2
   840 | D:2      | Found a sparkling altar of Nemelex Xobeh.
   848 | D:2      | Found a stormy altar of Qazlal.
   955 | D:2      | Reached XP level 3. HP: 26/27 MP: 3/3
  1123 | D:2      | Reached skill level 5 in Dodging
  1321 | D:2      | Reached skill level 5 in Polearms
  1449 | D:3      | Found a blossoming altar of Fedhas.
  1472 | D:3      | Reached XP level 4. HP: 29/34 MP: 4/4
  1549 | D:3      | Noticed IjonTichy1's ghost (amateur OpAs)
  1566 | D:3      | Killed IjonTichy1's ghost
  1566 | D:3      | Reached XP level 5. HP: 12/40 MP: 5/5
  1804 | D:3      | Reached XP level 6. HP: 30/47 MP: 6/6
  2143 | D:3      | Found a glowing silver altar of Zin.
  2145 | D:3      | Found a hazy altar of Hepliaklqana.
  2588 | D:3      | Killed from afar by an orc priest

Skill      XL: |  1  2  3  4  5 |
---------------+----------------+-----
Dodging        | 5 6 |  6.4
Polearms       | 5 6 |  6.8
Fighting       | 3 |  3.2
Throwing       | |  2.8
Stealth        | |  0.2

Action                   |  1- 3 |  4- 6 || total
-------------------------+-------+-------++-------
Melee: Trident           |   116 |    91 ||   207
  Use: Scroll            |     3 |     1 ||     4
 Stab: Sleeping          |     1 |     1 ||     2
  Eat: Royal jelly       |     1 |     1 ||     2
       Bread ration      |       |     1 ||     1
Armor: Leather armour    |    21 |    15 ||    36
Dodge: Dodged            |    55 |    54 ||   109
